 Dungeon Crawl Stone Soup version 0.31.0-11-ge490571c62 (webtiles) character file.

Game seed: 14487416465445818229

21 browni3141 the Trooper (level 2, -5/27 HPs)
             Began as a Minotaur Fighter on Jan 28, 2024.
             Killed by divine providence
             ... invoked by an orc priest
              (14 damage)
             ... on level 3 of the Dungeon.
             The game lasted 00:00:20 (523 turns).

browni3141 the Trooper (Minotaur Fighter)            Turns: 523, Time: 00:00:20

Health: -5/27      AC:  6    Str: 20    XL:     2   Next: 62%
Magic:  1/1        EV:  9    Int:  5    God:
Gold:   49         SH:  4    Dex:  9    Spells: 1/1 levels left

rFire   . . .        a - +0 war axe
rCold   . . .        c - +0 buckler
rNeg    . . .        b - +0 scale mail
rPois   +            (helmet restricted)
rElec   .            (no cloak)
rCorr   .            (no gloves)
SInv    .            (no boots)
Will    .....        (no amulet) Stlth
                     g - ring of poison resistance
HPRegen 0.24/turn    (no ring)
MPRegen 0.07/turn

%: no passive effects
@: no status effects
A: horns 2, retaliatory headbutt
a: no special abilities


You were on level 3 of the Dungeon.
You visited 1 branch of the dungeon, and saw 3 of its levels.

You collected 49 gold pieces.

Inventory:

Hand Weapons
 a - a +0 war axe (weapon)
Armour
 b - a +0 scale mail (worn)
 c - a +0 buckler (worn)
Jewellery
 g - a ring of poison resistance (left hand)
Scrolls
 f - a scroll of fear {unknown}
Potions
 d - a potion of might
 e - 2 potions of curing {unknown}


   Skills:
 + Level 4.0 Fighting
 * Level 3.5 Axes
 - Level 3.6 Armour
 - Level 3.6 Shields


You had one spell level left.
You didn't know any spells.
Your spell library contained the following spells:

 Spells                   Type           Power      Damage    Failure   Level
 Ensorcelled Hibernation  Hex/Ice        0%         N/A       95%         2
 Fugue of the Fallen      Necr           0%         N/A       99%         3
 Anguish                  Hex/Necr       0%         N/A       100%        4


Dungeon Overview and Level Annotations

Branches:
Dungeon (2/15)

Altars:

Annotations:
D:3 1 runed translucent door, Crazy Yiuf


Innate Abilities, Weirdness & Mutations

You have a pair of horns on your head.
You reflexively headbutt those who attack you in melee.


Message History

A ribbon worm comes into view.
You see here 6 stones.
A ribbon worm is nearby!
You hit the ribbon worm. You headbutt the ribbon worm!
The ribbon worm is severely wounded.
The ribbon worm expels a string of sticky webbing.
The stream of webbing hits you but does no damage.
You are caught in a web!
A ribbon worm is nearby!
The web tears apart.
The ribbon worm bites you but does no damage.
A ribbon worm is nearby!
You barely miss the ribbon worm.
The ribbon worm is heavily wounded.
You block the ribbon worm's attack.
A ribbon worm is nearby!
You hit the ribbon worm but do no damage.
The ribbon worm is heavily wounded.
The ribbon worm bites you.
A ribbon worm is nearby!
You slash the ribbon worm!
You kill the ribbon worm!
Key pressed, stopping explore.
No target in view!
Found a runed translucent door.
No target in view!
Crazy Yiuf shouts!
You see here 6 stones.
There is a stone staircase leading up here.
A bat and 2 orc wizards come into view.
The orc wizard shouts! x2
An orc priest comes into view. It is wielding a +0 whip.
The bat hits you but does no damage. x2
There are monsters nearby!
You closely miss the bat.
The orc priest shouts!
The bat hits you but does no damage. The bat closely misses you.
An orc comes into view. It is wielding a +0 club.
An endoplasm comes into view.
There are monsters nearby!
There are monsters nearby!
The bat hits you but does no damage. The bat closely misses you.
The orc wizard points at you and mumbles some strange words.
You are confused.
The orc shouts!
You are too confused!
There are monsters nearby!
You are too confused!
There are monsters nearby!
You are too confused!
You miss the bat. Your headbutt misses the bat.
The bat hits you but does no damage. The bat closely misses you.
The orc priest calls down the wrath of Beogh upon you.
Beogh smites you! The bat hits you but does no damage.
There are monsters nearby!
You bump into the rock wall.
The endoplasm quivers.
The bat barely misses you.
The orc priest looks encouraged for a moment.
The bat barely misses you.
You are too confused!
You bump into the rock wall.
The bat hits you but does no damage. The bat closely misses you.
You are too confused!
There are monsters nearby!
You're too confused to move!
The bat hits you but does no damage.
You are too confused!
There are monsters nearby!
You hit the orc wizard but do no damage.
You miss the bat. The bat hits you but does no damage.
The bat barely misses you. The orc wizard misses you.
The bat hits you but does no damage.
You are too confused!
There are monsters nearby!
You're too confused to move!
The bat hits you but does no damage.
You are too confused!
There are monsters nearby!
You are too confused!
There are monsters nearby!
You are too confused!
You are too confused!
You bump into the rock wall.
You feel less confused. The bat closely misses you.
The bat hits you but does no damage.
The orc wizard gestures wildly while chanting.
The orc wizard flickers and vanishes!
Deactivating autopickup; reactivate with Ctrl-A.
The orc hits you with a +0 club.
The orc priest looks encouraged for a moment.
You barely miss the orc. You barely miss the bat.
The bat hits you but does no damage. x2; The bat closely misses you.
The orc hits you with a +0 club.
You hit the orc.
The orc is heavily wounded.
You hit the bat. The bat hits you but does no damage. x2
The orc hits you with a +0 club.
The orc priest invokes the aid of Beogh against you.
Beogh smites you!
Ouch! That really hurt!
You die...

J.................
......####.#...###
#..##.####<##.## #
#.. #.......#### #
#.. #..###.....# #
#{###..###..##.###
#oo...............
#o############.#.#
#@# #.#.# #b#
#.#)# #.# #.#.#
#.# #.#.# ..#
#.#.# ### #...†
#####


You could see an orc priest, an orc wizard, an orc and a bat.

Vanquished Creatures
  A ribbon worm (D:3)
  A bat (D:1)
  2 endoplasms (D:1)
  A giant cockroach (D:2)
  3 goblins
  A hobgoblin (D:2)
  2 jackals (D:2)
  2 ball pythons
  3 rats
16 creatures vanquished.

Notes
Turn   | Place    | Note
-------+----------+-------------------------------------------
     0 | D:1      | browni3141 the Minotaur Fighter began the quest for the
                  | Orb.
     0 | D:1      | Reached XP level 1. HP: 19/19 MP: 0/0
   262 | D:1      | Reached XP level 2. HP: 24/27 MP: 1/1
   342 | D:2      | Reached skill level 4 in Fighting
   360 | D:2      | You fall into a shaft and drop 1 floor!
   468 | D:3      | Found a runed translucent door.
   469 | D:3      | Noticed Crazy Yiuf
   523 | D:3      | Killed from afar by an orc priest

Illustrated notes

Levels and vault maps discovered:
D:1:      spicycebolla_arrival_ecumenical, layout_loops_corners
D:2:      layout_basic, nicolae_shop_vocational
D:3:      layout_loops_corners, palyth_temple_overflow_mages,
          uniq_crazy_yiuf_cottage, uniq_terence

Skill      XL: |  1  2 |
---------------+-------+-----
Axes           | 3 |  3.5
Fighting       | 4 |  4.0
Armour         | |  3.6
Shields        | |  3.6

Action                     || total
---------------------------++-------
  Melee: War axe           ||    43
         Headbutt          ||     5
 Armour: Scale mail        ||    35
  Dodge: Dodged            ||    29
  Block: Buckler           ||     8
